 Dungeon Crawl Stone Soup version 0.29-a0-284-gf9362112df (webtiles) character file.

Game seed: 5101233770854925071

670 epen the Archer (level 7, -5/56 HPs)
             Began as a Gnoll Hunter on Mar 14, 2022.
             Was an Initiate of Qazlal.
             Slain by a killer bee (6 damage)
             ... on level 5 of the Dungeon.
             The game lasted 00:05:17 (4786 turns).

epen the Archer (Gnoll Hunter)                      Turns: 4786, Time: 00:05:18

Health: -5/56      AC:  5    Str: 11    XL:     7   Next: 58%
Magic:  10/10      EV: 12    Int:  8    God:    Qazlal [......]
Gold:   192        SH:  0    Dex: 17    Spells: 11/11 levels left

rFire   . . .      SeeInvis .   d - +5 rapier "Pijaeffa" {drain, rElec}
rCold   . . .      Faith    .   (no shield)
rNeg    . . .      Spirit   .   n - +0 ring mail
rPois   .          Reflect  .   (no helmet)
rElec   +          Harm     .   (no cloak)
rCorr   .          Rampage  .   (no gloves)
Will    .....                   (no boots)
Stlth   +.........              (no amulet)
HPRegen 0.18/turn               (no ring)
MPRegen 0.12/turn               (no ring)

@: confused, lethally poisoned (-5 -> -13), ambrosia-drunk, attractive
A: fangs 1, strong nose, distributed training
a: Renounce Religion


You were on level 5 of the Dungeon.
You worshipped Qazlal.
Qazlal was noncommittal.
You visited 2 branches of the dungeon, and saw 6 of its levels.

You collected 192 gold pieces.

Inventory:

Hand Weapons
 a - a +1 shortbow
 d - the +5 rapier "Pijaeffa" (weapon) {drain, rElec}
   (You found it on level 5 of the Dungeon)

   A truly terrible weapon, it drains the life of any living foe it strikes.
   rElec:     It insulates you from electricity.
 e - a +2 dagger of electrocution
Armour
 b - a +0 leather armour
 n - a +0 ring mail (worn)
Scrolls
 c - a scroll of immolation
 f - a scroll of magic mapping {unknown}
 g - 2 scrolls of torment
 k - 2 scrolls of fog
 t - a scroll of teleportation
Potions
 j - a potion of might {unknown}
 m - a potion of berserk rage
 o - a potion of curing {unknown}
 p - a potion of degeneration {unknown}
 r - 2 potions of cancellation


   Skills:
 + Level 5.3 Fighting
 + Level 2.6 Short Blades
 + Level 2.6 Long Blades
 + Level 2.6 Axes
 + Level 2.6 Maces & Flails
 + Level 2.6 Polearms
 + Level 2.6 Staves
 + Level 2.6 Slings
 + Level 8.9 Bows
 + Level 2.6 Crossbows
 + Level 2.6 Throwing
 + Level 2.6 Armour
 + Level 5.3 Dodging
 + Level 3.5 Stealth
 + Level 2.6 Shields
 + Level 2.6 Unarmed Combat
 + Level 2.6 Spellcasting
 + Level 2.1 Conjurations
 + Level 2.1 Hexes
 + Level 2.1 Summonings
 + Level 2.1 Necromancy
 + Level 2.1 Translocations
 + Level 2.1 Transmutations
 + Level 2.1 Fire Magic
 + Level 2.1 Ice Magic
 + Level 2.1 Air Magic
 + Level 2.1 Earth Magic
 + Level 2.1 Poison Magic
 + Level 2.9 Invocations
 + Level 2.6 Evocations


You had 11 spell levels left.
You didn't know any spells.
Your spell library contained the following spells:

 Spells                   Type           Power      Damage    Failure   Level
 Animate Skeleton         Necr           8%         N/A       32%         1
 Apportation              Tloc           8%         N/A       32%         1
 Summon Small Mammal      Summ           16%        N/A       32%         1
 Static Discharge         Conj/Air       4%         N/A       43%         2
 Frozen Ramparts          Ice            8%         1d2       67%         3
 Tukima's Dance           Hex            4%         N/A       67%         3
 Dispel Undead            Necr           4%         3d7       97%         4
 Ice Form                 Ice/Tmut       4%         N/A       97%         4
 Passage of Golubria      Tloc           4%         N/A       97%         4
 Sticky Flame             Conj/Fire      4%         2d3       97%         4
 Summon Ice Beast         Ice/Summ       4%         N/A       97%         4
 Yara's Violent Unravell  Hex/Tmut       2%         3d3       100%        5


Dungeon Overview and Level Annotations

Branches:
Dungeon (5/15)             Temple (1/1) D:5

Altars:
Ashenzari
Cheibriados
Dithmenos
Fedhas
Gozag
Hepliaklqana
Kikubaaqudgha
Makhleb
Nemelex Xobeh
Okawaru
Qazlal
Sif Muna
Trog
Uskayaw
Vehumet
Wu Jian
Xom
Yredelemnul
Zin
The Shining One

Shops:
D:2 !   D:4 =


Innate Abilities, Weirdness & Mutations

You have very sharp teeth.
Your uncanny sense of smell can sniff out nearby items.
Your experience applies equally to all skills.


Message History

You feel sick. The killer bee stings you.
You are more poisoned.
The killer bee poisons you! The killer bee stings you. x2
You are more poisoned.
The killer bee poisons you!
You miss the killer bee. Your punch misses the killer bee.
You bite the killer bee.
The killer bee is almost dead.
You feel very sick.
The killer bee stings you but does no damage.
The killer bee stings you.
You are lethally poisoned!
The killer bee poisons you!
You barely miss the killer bee.
You bite the killer bee, but do no damage.
The killer bee is almost dead.
* * * LOW HITPOINT WARNING * * *
You feel very sick. The killer bee stings you.
* * * LOW HITPOINT WARNING * * *
The killer bee closely misses you.
You hit the killer bee.
You kill the killer bee!
Qazlal accepts your kill.
* * * LOW HITPOINT WARNING * * *
You feel very sick. The killer bee closely misses you.
It was a potion of ambrosia.
You are confused.
You feel invigorated.
* * * LOW HITPOINT WARNING * * *
You feel very sick. The killer bee misses you. The killer bee stings you.
* * * LOW HITPOINT WARNING * * *
It was a potion of attraction.
You feel attractive to monsters.
* * * LOW HITPOINT WARNING * * *
You feel very sick. The killer bee closely misses you.
The killer bee stings you.
You die...

#....#
#########)#
##..#.# #.#
#.#.#.# #.#
..#.#.# #.#
###†#.# #.#
#.....# #.#
#...### #.#
#..##
##########.#
#..#
.....yy@...#
#..#
.###########
#..# #..#
#..# ∆ #..#
#.># #..#
#..#


You could see 2 killer bees.

Vanquished Creatures
  2 ogres
  A necrophage (D:4)
  2 killer bees (D:5)
  2 hounds
  2 iguanas (D:5)
  An orc wizard (D:5)
  8 adders
  4 gnolls (D:2)
  An ufetubus (D:5)
  3 worms
  3 dart slugs
  14 orcs
  4 bats
  8 endoplasms
  5 giant cockroaches
  2 goblins
  4 hobgoblins
  A jackal (D:4)
  5 quokkas
  9 ball pythons
  3 frilled lizards
  5 kobolds
  4 rats
93 creatures vanquished.

Notes
Turn   | Place    | Note
-------+----------+-------------------------------------------
     0 | D:1      | epen the Gnoll Hunter began the quest for the Orb.
     0 | D:1      | Reached XP level 1. HP: 20/20 MP: 1/1
    77 | D:1      | Reached XP level 2. HP: 26/26 MP: 2/2
   314 | D:1      | Found a faded altar of an unknown god.
   589 | D:1      | Reached XP level 3. HP: 31/31 MP: 3/3
   976 | D:2      | Reached skill level 1 in Invocations
  1104 | D:2      | Reached skill level 1 in Short Blades
  1104 | D:2      | Reached skill level 1 in Long Blades
  1104 | D:2      | Reached skill level 1 in Axes
  1104 | D:2      | Reached skill level 1 in Maces & Flails
  1104 | D:2      | Reached skill level 1 in Polearms
  1104 | D:2      | Reached skill level 1 in Staves
  1104 | D:2      | Reached skill level 1 in Slings
  1104 | D:2      | Reached skill level 1 in Crossbows
  1104 | D:2      | Reached skill level 1 in Throwing
  1104 | D:2      | Reached skill level 1 in Armour
  1104 | D:2      | Reached skill level 1 in Shields
  1104 | D:2      | Reached skill level 1 in Unarmed Combat
  1104 | D:2      | Reached skill level 1 in Spellcasting
  1104 | D:2      | Reached skill level 1 in Evocations
  1118 | D:2      | Reached XP level 4. HP: 18/38 MP: 5/5
  1554 | D:2      | Found Hauveafyife's Distillery.
  1662 | D:2      | Reached skill level 1 in Conjurations
  1662 | D:2      | Reached skill level 1 in Hexes
  1662 | D:2      | Reached skill level 1 in Summonings
  1662 | D:2      | Reached skill level 1 in Necromancy
  1662 | D:2      | Reached skill level 1 in Translocations
  1662 | D:2      | Reached skill level 1 in Transmutations
  1662 | D:2      | Reached skill level 1 in Fire Magic
  1662 | D:2      | Reached skill level 1 in Ice Magic
  1662 | D:2      | Reached skill level 1 in Air Magic
  1662 | D:2      | Reached skill level 1 in Earth Magic
  1662 | D:2      | Reached skill level 1 in Poison Magic
  2087 | D:3      | Reached XP level 5. HP: 43/43 MP: 6/6
  2740 | D:4      | Found Mutiotom's Jewellery Shoppe.
  2796 | D:4      | Noticed an ogre
  2805 | D:4      | Killed an ogre
  2806 | D:4      | Reached XP level 6. HP: 30/50 MP: 8/8
  2809 | D:4      | Reached skill level 5 in Fighting
  2809 | D:4      | Reached skill level 5 in Dodging
  3357 | D:5      | Entered Level 5 of the Dungeon
  3536 | D:5      | Reached XP level 7. HP: 20/56 MP: 10/10
  3843 | D:5      | Identified the +5 rapier "Pijaeffa" {drain, rElec}
  4023 | D:5      | Found a staircase to the Ecumenical Temple.
  4032 | Temple   | Entered the Ecumenical Temple
  4567 | Temple   | Became a worshipper of Qazlal Stormbringer
  4785 | D:5      | HP: 1/56 [killer bee (6)]
  4786 | D:5      | Slain by a killer bee

Illustrated notes

Levels and vault maps discovered:
D:1:      scummos_arrival_forest, layout_basic,
          shapermc_ecumenical_altar_mp_highgroup
D:2:      layout_basic, serial_shops, shop, minivault_14
D:3:      layout_basic
D:4:      layout_loops_ring, serial_shops, kennysheep_mini_moat,
          minmay_fractal_squares_5
D:5:      layout_loops_ring, minmay_temple_entry_statues_fountains,
          minmay_circle_x
Temple:   mainiacjoe_temple_big_plus

Skill      XL: |  1  2  3  4  5  6  7 |
---------------+----------------------+-----
Invocations    | 1 2 |  2.9
Short Blades   | 1 2 |  2.6
Long Blades    | 1 2 |  2.6
Axes           | 1 2 |  2.6
Maces & Flails | 1 2 |  2.6
Polearms       | 1 2 |  2.6
Staves         | 1 2 |  2.6
Slings         | 1 2 |  2.6
Crossbows      | 1 2 |  2.6
Throwing       | 1 2 |  2.6
Armour         | 1 2 |  2.6
Shields        | 1 2 |  2.6
Unarmed Combat | 1 2 |  2.6
Spellcasting   | 1 2 |  2.6
Evocations     | 1 2 |  2.6
Conjurations   | 1 2 |  2.1
Hexes          | 1 2 |  2.1
Summonings     | 1 2 |  2.1
Necromancy     | 1 2 |  2.1
Translocations | 1 2 |  2.1
Transmutations | 1 2 |  2.1
Fire Magic     | 1 2 |  2.1
Ice Magic      | 1 2 |  2.1
Air Magic      | 1 2 |  2.1
Earth Magic    | 1 2 |  2.1
Poison Magic   | 1 2 |  2.1
Stealth        | 3 |  3.5
Fighting       | 5 |  5.3
Dodging        | 5 |  5.3
Bows           | |  8.9

Action                   |  1- 3 |  4- 6 |  7- 9 || total
-------------------------+-------+-------+-------++-------
Melee: Rapier            |       |       |    17 ||    17
       Bite              |       |       |     2 ||     2
 Fire: Shortbow          |    64 |   159 |    40 ||   263
  Use: Scroll            |       |       |     9 ||     9
       Potion            |       |       |     2 ||     2
Armor: Leather armour    |       |     1 |       ||     1
       Ring mail         |       |    15 |    12 ||    27
Dodge: Dodged            |     4 |    51 |    24 ||    79

Table legend: (Time is in decaauts)
 A = Elapsed time spent in this place.
 B = Non-inter-level travel time spent in this place.
 C = Inter-level travel time spent in this place.
 D = Time resting spent in this place.
 E = Time spent auto-exploring this place.
 F = Levels seen in this place.
 G = Mean time per level.
                   A        B        C        D        E       F      G
               +--------+--------+--------+--------+--------+-----+--------+
         Total |   4833 |   4663 |    170 |    256 |   3838 |   6 |  805.5 |
       Dungeon |   4275 |   4172 |    103 |    256 |   3355 |   5 |  855.0 |
        Temple |    557 |    490 |     67 |      0 |    483 |   1 |  557.0 |
               +--------+--------+--------+--------+--------+-----+--------+

Top non-repeatable levels by time:
     D:4: 1291 daAuts
     D:2: 1096 daAuts
     D:1: 845 daAuts
     D:5: 599 daAuts
  Temple: 557 daAuts
     D:3: 442 daAuts
